 Dungeon Crawl Stone Soup version 0.29-a0-515-g7c1fb6cc08 (webtiles) character file.

Game seed: 4560875801871536867

41 Colgate the Sneak (level 3, -4/21 HPs)
             Began as a Kobold Brigand on May 30, 2022.
             Slain by a goblin
             ... wielding a +3 dagger
             ... led by Robin
              (5 damage)
             ... on level 2 of the Dungeon.
             The game lasted 00:02:15 (1755 turns).

Colgate the Sneak (Kobold Brigand)                  Turns: 1755, Time: 00:02:16

Health: -4/21      AC:  3    Str:  8    XL:     3   Next: 75%
Magic:  3/3        EV: 14    Int: 12    God:
Gold:   71         SH:  0    Dex: 18    Spells: 2/2 levels left

rFire   . . .      SeeInvis +   a - +2 dagger
rCold   . . .      Faith    .   (no shield)
rNeg    . . .      Spirit   .   m - +0 robe
rPois   +          Reflect  .   (no helmet)
rElec   .          Harm     .   c - +0 cloak
rCorr   .          Rampage  .   (no gloves)
Will    .....                   (no boots)
Stlth   ++++......              (no amulet)
HPRegen 0.07/turn               g - ring of poison resistance
MPRegen 0.08/turn               o - ring of see invisible

@: no status effects
A: small, no large weapons, nightstalker 3
a: no special abilities


You were on level 2 of the Dungeon.
You visited 1 branch of the dungeon, and saw 2 of its levels.

You collected 71 gold pieces.

Inventory:

Hand Weapons
 a - a +2 dagger (weapon)
 b - a +0 rapier
Missiles
 d - 13 poisoned darts (quivered)
 e - 3 curare-tipped darts
Armour
 c - a +0 cloak (worn)
 m - a +0 robe (worn)
Jewellery
 g - a ring of poison resistance (left hand)
 k - a ring of ice
 o - a ring of see invisible (right hand)
 p - a ring of protection from cold
Scrolls
 i - a scroll of torment {unknown}
 l - a scroll of fog {unknown}
 n - a scroll of noise {unknown}
 q - a scroll of vulnerability {unknown}
Potions
 f - 3 potions of might {unknown}
 h - a potion of lignification {unknown}
 j - 2 potions of berserk rage {unknown}
 r - a potion of curing {unknown}


   Skills:
 - Level 2.1 Fighting
 + Level 5.1 Short Blades
 - Level 2.1 Throwing
 - Level 1.2 Dodging
 - Level 5.3 Stealth


You had 2 spell levels left.
You didn't know any spells.
Your spell library was empty.

Dungeon Overview and Level Annotations

Branches:
Dungeon (2/15)

Altars:

Annotations:
D:2 Robin


Innate Abilities, Weirdness & Mutations

You are small and have problems with some larger weapons.
You are completely attuned to the shadows.


Message History

There are monsters nearby!
The hobgoblin shouts! x2
You hit Robin.
You hear a shout!
Robin roars a battlecry!
The hobgoblins go into a battle-frenzy!
A goblin comes into view. It is wielding a +3 dagger.
You hear a shout!
There are monsters nearby!
You hit Robin. Robin hits you but does no damage.
There are monsters nearby!
You hit Robin but do no damage. Robin hits you with a +0 short sword.
There are monsters nearby!
You hit Robin.
There are monsters nearby!
You barely miss Robin. Robin throws the goblin at you!
The hobgoblin closely misses you. The goblin barely misses you.
You hit Robin but do no damage.
Robin roars a battlecry!
The hobgoblin attacks as you move away! The hobgoblin barely misses you.
The goblin barely misses you. Robin throws the goblin at you!
The hobgoblin attacks as you move away! The hobgoblin barely misses you.
The goblin hits you with a +3 dagger.
Robin says, "We wiped out the hill dwarves - you're next!"
You see here an adder corpse.
The hobgoblin attacks as you move away! The hobgoblin completely misses you.
Things that are here:
a +0 club; 14 gold pieces The goblin attacks as you move away!
The goblin hits you with a +3 dagger. The goblin attacks as you move away!
The goblin completely misses you.
Found 19 gold pieces.
A rat comes into view.
The goblin attacks as you move away! The goblin hits you with a +3 dagger!
* * * LOW HITPOINT WARNING * * *
The hobgoblin no longer looks unusually strong.
The goblin attacks as you move away! The goblin closely misses you.
The hobgoblin no longer looks unusually strong.
The goblin attacks as you move away! The goblin misses you.
The goblin attacks as you move away! The goblin hits you with a +3 dagger.
You die...

#...# ....# ....# ....#
....# #.. ....#######
#.# ..........# #.#
..........# #.#
..........# #@#..#
..........# #g#..#r#
#.........# #g#.$#.#
#.........# #.#.g....#.
#.........# #..........
#.........######..g.#.#.
................>.......
#..##...........#.##..
#..####.....#...#.#


You could see 2 hobgoblins and a goblin (strong).

Vanquished Creatures
  An adder (D:2)
  A dart slug (D:1)
  3 endoplasms
  3 giant cockroaches (D:1)
  8 goblins
  A hobgoblin (D:2)
  A quokka (D:1)
  3 ball pythons
  3 kobolds
  2 rats (D:1)
26 creatures vanquished.

Notes
Turn   | Place    | Note
-------+----------+-------------------------------------------
     0 | D:1      | Colgate the Kobold Brigand began the quest for the Orb.
     0 | D:1      | Reached XP level 1. HP: 12/12 MP: 1/1
   510 | D:1      | Reached XP level 2. HP: 17/17 MP: 2/2
  1360 | D:2      | Reached XP level 3. HP: 21/21 MP: 3/3
  1489 | D:2      | Noticed Robin
  1704 | D:2      | Reached skill level 5 in Short Blades
  1751 | D:2      | HP: 1/21 [goblin/+3 dagger[Robin] (8)]
  1755 | D:2      | Slain by a goblin

Illustrated notes

Levels and vault maps discovered:
D:1:      wander_arrival_lonely_grave, layout_loops_corners
D:2:      layout_basic, uniq_robin

Skill      XL: |  1  2  3 |
---------------+----------+-----
Short Blades   | 3 4 5 |  5.1
Fighting       | |  2.1
Throwing       | |  2.1
Dodging        | |  1.2
Stealth        | |  5.3

Action                   || total
-------------------------++-------
Melee: Dagger            ||    69
 Stab: Sleeping          ||    11
Armor: Robe              ||    14
Dodge: Dodged            ||    42

Table legend: (Time is in decaauts)
 A = Elapsed time spent in this place.
 B = Non-inter-level travel time spent in this place.
 C = Inter-level travel time spent in this place.
 D = Time resting spent in this place.
 E = Time spent auto-exploring this place.
 F = Levels seen in this place.
 G = Mean time per level.
                   A        B        C        D        E       F      G
               +--------+--------+--------+--------+--------+-----+--------+
         Total |   1738 |   1711 |     27 |      0 |   1502 |   2 |  869.0 |
       Dungeon |   1738 |   1711 |     27 |      0 |   1502 |   2 |  869.0 |
               +--------+--------+--------+--------+--------+-----+--------+

Top non-repeatable levels by time:
     D:1: 1230 daAuts
     D:2: 508 daAuts
